 Dungeon Crawl Stone Soup version 0.25-a0-667-gb977e01cb5 (webtiles) character file.

Game seed: 8212286701331152952, levelgen mode: deterministic

1617 nono the Skirmisher (level 8, -1/46 HPs)
             Began as a Vine Stalker Hunter on Mar 27, 2020.
             Was an Initiate of the Shining One.
             Slain by a killer bee (3 damage)
             ... on level 6 of the Dungeon.
             The game lasted 00:16:38 (5291 turns).

nono the Skirmisher (Vine Stalker Hunter)           Turns: 5291, Time: 00:16:38

Health: -1/46      AC:  8    Str: 14 (17) XL:     8   Next: 96%
Magic:  0/9        EV:  6    Int:  8 (11) God:    the Shining One [......]
Gold:   371        SH:  0    Dex: 17 (20) Spells: 7/7 levels left

rFire    + . .     SeeInvis .   b - +2 short sword (venom)
rCold    + . .     Gourm    .   (no shield)
rNeg     + . .     Faith    .   r - +0 chain mail
rPois    +         Spirit   +   (no helmet)
rElec    +         Reflect  .   E - scarf {cloud immunity}
rCorr    +         Harm     .   (no gloves)
MR       +....                  (no boots)
Stlth    ..........             (no amulet)
HPRegen  0.55/turn              J - +5 ring of dexterity
MPRegen  0.11/turn              D - ring of positive energy

@: mighty, resistant, hasted, glowing, very quick
A: fangs 3, regeneration 1, magic shield, antimagic bite, no potion heal 3, rot
immunity
a: Renounce Religion


You were on level 6 of the Dungeon.
You worshipped the Shining One.
The Shining One was noncommittal.
You were near starving.

You visited 2 branches of the dungeon, and saw 7 of its levels.

You collected 371 gold pieces.

Inventory:

Hand Weapons
 a - a +2 dagger of electrocution
 b - a +2 short sword of venom (weapon)
 g - a +0 whip
 k - a +0 short sword
 z - a +0 dagger of flaming
 F - the +4 quarterstaff "Neupp" {drain, rPois Int+7 Dex+4}
   (You found it on level 5 of the Dungeon)

   A truly terrible weapon, it drains the life of those it strikes.
   It affects your intelligence (+7).
   It affects your dexterity (+4).
   It protects you from poison.
   The Shining One disapproves of the use of such an item.
Missiles
 c - 8 javelins (quivered)
 d - a throwing net
 x - 3 silver boomerangs
Armour
 m - a +0 leather armour
 q - a +0 ring mail
 r - a +0 chain mail (worn)
 E - a scarf of cloud immunity (worn)
Jewellery
 t - a +4 ring of intelligence
 D - a ring of positive energy (right hand)
 J - a +5 ring of dexterity (left hand)
Scrolls
 h - a scroll of enchant weapon
 j - 3 scrolls of identify
 l - 2 scrolls of fog
 n - a scroll of immolation
 u - 7 scrolls of remove curse {unknown}
 v - 2 scrolls of magic mapping
 y - 3 scrolls of teleportation
 A - a scroll of noise
 I - a scroll of amnesia {unknown}
Potions
 e - 2 potions of berserk rage {unknown}
 o - a potion of haste
 p - 2 potions of degeneration
 s - 5 potions of curing
 w - a potion of stabbing
 B - 2 potions of lignification {unknown}
 G - a potion of mutation {unknown}
 H - a potion of flight {unknown}
Comestibles
 f - 5 rations


   Skills:
 + Level 7.3 Fighting
 + Level 7.0 Short Blades
 - Level 3.6 Throwing
 - Level 1.5 Dodging
 - Level 1.2 Stealth


You had 7 spell levels left.
You didn't know any spells.
Your spell library was empty.

Dungeon Overview and Level Annotations

Branches:
Dungeon (6/15)             Temple (1/1) D:6

Altars:
Ashenzari
Cheibriados
Dithmenos
Elyvilon
Fedhas
Gozag
Hepliaklqana
Kikubaaqudgha
Makhleb
Nemelex Xobeh
Okawaru
Qazlal
Ru
Sif Muna
Trog
Uskayaw
Vehumet
Wu Jian
Xom
Yredelemnul
Zin
The Shining One


Innate Abilities, Weirdness & Mutations

You have razor-sharp teeth.
Your natural rate of healing is unusually fast.
When hurt, damage is shared between your health and your magic reserves.
Your bite disrupts and absorbs the magic of your enemies.
Potions cannot restore your health.
You are immune to rotting.


Message History

Your chain mail prevents you from hitting the killer bee.
Your bite misses the killer bee.
The killer bee is heavily wounded.
The killer bee barely misses you.
You feel yourself speed up. The killer bee stings you.
* * * LOW HITPOINT WARNING * * *
The killer bee stings you but does no damage.
The killer bee stings you but does no damage.
The killer bee stings you but does no damage.
You closely miss the killer bee.
The killer bee is heavily wounded.
The killer bee stings you.
* * * LOW HITPOINT WARNING * * *
You closely miss the killer bee.
The killer bee is heavily wounded.
The killer bee barely misses you.
You barely miss the killer bee. Your bite misses the killer bee.
The killer bee is heavily wounded.
The killer bee stings you.
You die...

###############
#>.@yy..†.....(
#.########..... #.#
#### #.# .#
#.########.###
#............. ..
#.####.....## ## .#
#.####.....#....#.#
#....'.....#.##.#.#


You could see 2 killer bees.

Vanquished Creatures
  A sky beast (D:6)
  A necrophage (D:5)
  4 ogres
  A bullfrog (D:4)
  4 killer bees (D:6)
  2 howler monkeys
  3 crimson imps
  A hound (D:4)
  An orc priest (D:5)
  5 orc wizards
  A bullfrog skeleton (D:4)
  Jessica (D:2)
  3 worker ants
  Natasha (thrice) (D:2)
  3 iguanas
  A killer bee zombie (D:5)
  A hound skeleton (D:4)
  7 adders
  A white imp (D:5)
  An ooze (D:3)
  A dart slug (D:1)
  16 orcs
  3 giant cockroaches
  3 goblins
  8 hobgoblins
  8 jackals
  7 kobolds
  4 quokkas
  2 ball pythons
  10 bats
  9 frilled lizards
  A leopard gecko skeleton (D:5)
  10 rats
127 creatures vanquished.

Notes
Turn   | Place    | Note
-------+----------+-------------------------------------------
     0 | D:1      | nono the Vine Stalker Hunter began the quest for the Orb.
     0 | D:1      | Reached XP level 1. HP: 11/11 MP: 2/2
    63 | D:1      | Reached XP level 2. HP: 6/15 MP: 1/3
    79 | D:1      | Reached skill level 1 in Short Blades
   724 | D:1      | Reached XP level 3. HP: 19/19 MP: 4/4
  1279 | D:2      | Noticed Natasha
  1286 | D:2      | Killed Natasha
  1286 | D:2      | Gained mutation: Your natural rate of healing is unusually
                  | fast. [Vine Stalker growth]
  1286 | D:2      | Reached XP level 4. HP: 8/24 MP: 3/5
  1681 | D:2      | Reached XP level 5. HP: 28/28 MP: 6/6
  1699 | D:2      | Noticed Natasha
  1708 | D:2      | Killed Natasha
  1883 | D:2      | Noticed Natasha
  1890 | D:2      | Killed Natasha
  1956 | D:2      | Noticed Jessica
  1960 | D:2      | Killed Jessica
  2267 | D:3      | Found a faded altar of an unknown god.
  2313 | D:3      | Reached XP level 6. HP: 32/33 MP: 7/7
  3011 | D:4      | Reached XP level 7. HP: 37/38 MP: 5/8
  3090 | D:4      | Reached skill level 5 in Fighting
  3248 | D:4      | Found a blossoming altar of Fedhas.
  3406 | D:4      | Reached skill level 5 in Short Blades
  3845 | D:4      | Gained mutation: You have razor-sharp teeth. [Vine Stalker
                  | growth]
  3845 | D:4      | Reached XP level 8. HP: 35/44 MP: 9/9
  3964 | D:5      | Entered Level 5 of the Dungeon
  4138 | D:5      | You fall into a shaft and drop 1 floor!
  4336 | D:5      | Got a polished quarterstaff
  4337 | D:5      | Identified the +4 quarterstaff "Neupp" {drain, rPois Int+7
                  | Dex+4} (You found it on level 5 of the Dungeon)
  4951 | D:6      | Found a staircase to the Ecumenical Temple.
  4976 | Temple   | Entered the Ecumenical Temple
  5079 | Temple   | Became a worshipper of the Shining One
  5277 | D:6      | HP: 2/46 [killer bee (1)]
  5284 | D:6      | HP: 1/46 [killer bee (3)]
  5289 | D:6      | HP: 2/46 [killer bee (1)]
  5291 | D:6      | Slain by a killer bee

Levels and vault maps discovered:
D:1:      dpeg_arrival_oval, layout_basic
D:2:      minmay_evil_eye, layout_basic, kennysheep_donut, uniq_natasha,
          uniq_jessica
D:3:      layout_loops_corners, chequers_ecumenical_altar_simple
D:4:      layout_basic, old_standard_altar, minmay_ruptured
D:5:      layout_loops_ring, first_ration, minmay_fire_ice_demons
D:6:      layout_basic, minmay_temple_entry_mini_moons
Temple:   kilobyte_greek_temple

Skill      XL: |  1  2  3  4  5  6  7  8 |
---------------+-------------------------+-----
Fighting       | 2 3 4 5 7 |  7.3
Short Blades   | 1 2 3 4 5 7 |  7.0
Throwing       | |  3.6
Dodging        | |  1.5
Stealth        | |  1.2

Action                   |  1- 3 |  4- 6 |  7- 9 || total
-------------------------+-------+-------+-------++-------
Melee: Whip              |    31 |       |       ||    31
       Bite              |    12 |    39 |    62 ||   113
       Dagger            |     7 |       |    15 ||    22
       Short sword       |    34 |   132 |   162 ||   328
Throw: Javelin           |    13 |       |     1 ||    14
       Throwing net      |     2 |     2 |     1 ||     5
  Use: Scroll            |       |       |    12 ||    12
       Potion            |       |       |     6 ||     6
  Eat: Chunk             |     1 |     6 |     5 ||    12
Armor: Leather armour    |    15 |       |       ||    15
       Ring mail         |     4 |     3 |       ||     7
       Chain mail        |       |    67 |    73 ||   140
Dodge: Dodged            |    59 |    49 |    62 ||   170

Table legend:
 A = Non-vault XP
 B = Vault XP
 C = Vault XP percentage of total XP
 D = Non-vault monster count
 E = Vault monster count
 F = Vault count percentage of total count
                 A         B        C        D         E       F
            +---------+---------+-------+---------+---------+-------
      Total |    1999 |     312 |  13.5 |     118 |       9 |   7.1
            +---------+---------+-------+---------+---------+-------
        D:1 |      44 |       0 |   0.0 |      27 |       0 |   0.0
        D:2 |     156 |      87 |  35.8 |      25 |       5 |  16.7
        D:3 |     318 |       0 |   0.0 |      23 |       0 |   0.0
        D:4 |     476 |     164 |  25.6 |      19 |       2 |   9.5
        D:5 |     577 |      61 |   9.6 |      16 |       2 |  11.1
        D:6 |     428 |       0 |   0.0 |       8 |       0 |   0.0
            +---------+---------+-------+---------+---------+-------
